 Dungeon Crawl Stone Soup version 0.29-a0-322-g68df515428 (webtiles) character file.

Game seed: 2108742572225059673

14071 Ajdolov the Warrior (level 12, -2/103 HPs)
             Began as a Djinni Conjurer on Apr 6, 2022.
             Was an Initiate of Ashenzari.
             Slain by a skeletal warrior
             ... wielding a +0 broad axe
             ... led by a skeletal warrior
              (21 damage)
             ... on level 10 of the Dungeon.
             The game lasted 00:31:22 (14090 turns).

Ajdolov the Warrior (Djinni Conjurer)              Turns: 14090, Time: 00:31:23

Health: -2/103     AC:  6    Str:  6    XL:     12   Next: 40%
Gold:   1586       EV: 15    Int: 26    God:    Ashenzari [......] SH:  0 Dex: 11

rFire   + + .      SeeInvis .   s - +2 dagger (venom)
rCold   . . .      Faith    .   (no shield)
rNeg    . . .      Spirit   .   y - +0 steam dragon scales
rPois   ∞          Reflect  .   i - +0 hat {Will+}
rElec   .          Harm     .   j - +0 cloak
rCorr   .          Rampage  .   (no gloves)
Will    +++..                   (boots unavailable)
Stlth   ++........              o - amulet "I Knew You'd Do That" {Regen+, Self, Cun} (curse)
HPRegen 1.07/turn               k - ring of protection from fire
MPRegen 0.00/turn               t - ring of ice

@: flying, studying Fighting
A: sickness immunity, fire resistance 2, cold vulnerability 1, float, innate
caster, HP casting, extra vitality 1, horns 1, strong-willed 1, mutation
resistance 1
a: Renounce Religion, Shatter the Chains


You were on level 10 of the Dungeon.
You worshipped Ashenzari.
Ashenzari was noncommittal.
You visited 2 branches of the dungeon, and saw 11 of its levels.
You also visited: Ossuary.

You collected 1586 gold pieces.

Inventory:

Hand Weapons
 s - a +2 dagger of venom (weapon)
Missiles
 e - 2 curare-tipped darts
Armour
 i - a +0 hat of willpower (worn)
 j - a +0 cloak (worn)
 y - +0 steam dragon scales (worn)
Jewellery
 k - a ring of protection from fire (left hand)
 o - the cursed amulet "I Knew You'd Do That" (around neck) {Regen+, Self, Cun}
   (You took it off an orc on level 10 of the Dungeon)

   [amulet of regeneration]

   Regen:     It increases your rate of health regeneration.
   It has a curse which improves the following skills: Introspection: Fighting
   and Spellcasting.
   Cunning:   Dodging and Stealth.
 t - a ring of ice (right hand)
Wands
 a - a wand of mindburst (25)
 h - a wand of paralysis (7)
 w - a wand of charming (12)
 z - a wand of flame (21)
Scrolls
 b - a scroll of fear
 c - 4 scrolls of summoning
 g - 4 scrolls of teleportation
 m - 2 scrolls of holy word
 r - 4 scrolls of fog {unknown}
 u - a scroll of identify
 C - 6 scrolls of immolation
Potions
 d - 3 potions of mutation
 f - a potion of degeneration {unknown}
 l - 2 potions of curing
 n - a potion of resistance {unknown}
 p - 2 potions of brilliance
 q - a potion of berserk rage
 v - 2 potions of lignification {unknown}
Miscellaneous
 x - a phantom mirror


   Skills:
 + Level 15.1(15.5) Fighting
 - Level 9.6(10.1) Dodging
 - Level 1.5(1.9) Stealth
 - Level 10.0(10.4) Spellcasting


You had 3 spell levels left.
You knew the following spells:

 Your Spells              Type           Power      Damage    Failure   Level
a - Magic Dart            Conj           100%       1d8       1%          1
b - Searing Ray           Conj           100%       2d8       1%          2
c - Dazzling Flash        Conj/Hex       100%       N/A       1%          3
d - Fulminant Prism       Conj/Hex       30%        3d16      1%          4
e - Iskenderun's Mystic   Conj/Tloc      61%        2d13      1%          4
f - Beastly Appendage     Tmut           100%       N/A       1%          1
g - Poisonous Vapours     Pois/Air       100%       N/A       1%          2
h - Tukima's Dance        Hex            61%        N/A       1%          3
i - Cause Fear            Hex            30%        N/A       1%          4
j - Flame Wave            Conj/Fire      61%        2d12      1%          4
Your spell library was empty.

Dungeon Overview and Level Annotations

Branches:
Dungeon (10/15)            Temple (1/1) D:5            Lair (0/6) D:10
    Orc (0/2) D:10        Ossuary (visited)

Altars:
Ashenzari
Dithmenos
Elyvilon
Fedhas
Gozag
Hepliaklqana
Kikubaaqudgha
Makhleb
Okawaru
Qazlal
Ru
Sif Muna
Trog
Uskayaw
Vehumet
Wu Jian
Xom
Yredelemnul
Zin
The Shining One

Annotations:
D:2 1 runed translucent door, Crazy Yiuf


Innate Abilities, Weirdness & Mutations

You are immune to sickness and miasma.
You are immune to poison.
Your flesh is very heat resistant. (rF++)
You are vulnerable to cold. (rC-)
You float through the air rather than walking.
You learn spells naturally, not from books.
Your magical power is your life essence.
You have superior vitality. (+4 MHP)
You have a pair of small horns on your head.
You are strong-willed. (Will+)
You are somewhat resistant to further mutation.


Message History

You kill the yak!
The mystic blast hits the skeletal warrior but does no damage.
The skeletal warrior is severely damaged.
The mystic blast hits the skeletal warrior but does no damage.
The skeletal warrior is almost destroyed.
The mystic blast hits the skeletal warrior.
The skeletal warrior is heavily damaged.
The skeletal warrior is knocked back by the mystic blast.
The skeletal warrior collides with your fulminant prism!
Your fulminant prism is moderately damaged.
The skeletal warrior is severely damaged.
A gnoll comes into view. It is wielding a +0 whip.
The skeletal warrior hits you from afar with a +0 trident!!
* * * LOW HITPOINT WARNING * * *
Your fulminant prism explodes!
The blast of energy engulfs the yak!
The yak is heavily wounded.
The blast of energy engulfs the skeletal warrior!!
You destroy the skeletal warrior!
The blast of energy engulfs the yak!!
You kill the yak!
The blast of energy engulfs the skeletal warrior!
You destroy the skeletal warrior!
The blast of energy engulfs the skeletal warrior.
The skeletal warrior is severely damaged.
Training target 10.0 for Dodging reached!
Your base Dodging skill increases to level 9!
You need to enable at least one skill for training.
Your Fighting skill increases to level 15!
Unknown command.
Casting: Iskenderun's Mystic Blast (mildly dangerous; 1% risk of failure)
Confirm with . or Enter, or press ? or * to list all spells.
You erupt in a blast of force!
The mystic blast hits the yak!
The yak is severely wounded.
The yak is knocked back by the mystic blast.
The mystic blast hits the skeletal warrior but does no damage.
The skeletal warrior is severely damaged.
* * * LOW HITPOINT WARNING * * *
The skeletal warrior hits you with a +0 broad axe!!
You die...

†....P.)..............
####>##
...........##.)#.....##
###
....######.............
.............Y.......#
..........)...†......##.
....#.####.###..........
^...#.####.# #)†)......g
.#......)..###.).z......
Y###.##......#..@.......
.# .##......#....?###..
.. ##......#.....#
.Y..##....).#.......
#........####....###
...#####.# ###### ## #.#
#.# ######.#


You could see a skeletal warrior, a yak and a gnoll.

Vanquished Creatures
  Gastronok (D:8)
  4 skeletal warriors (D:10)
  Pikel (D:5)
  Maurice (D:8)
  Psyche (D:8)
  Maggie (D:6)
  A troll (D:9)
  Grinder (D:5)
  A hornet (D:10)
  Prince Ribbit (D:8)
  Sigmund (D:6)
  A wraith (D:10)
  3 wyverns
  5 yaks (D:10)
  Eustachio (D:6)
  3 steam dragons (D:7)
  A warg (D:10)
  Duvessa (D:5)
  7 water moccasins
  10 orc warriors
  2 ice beasts
  3 black bears
  An ogre (D:4)
  4 centaurs
  2 lemures (D:5)
  A phantom (D:7)
  6 bullfrogs
  Blork the orc (D:4)
  2 elf zombies (Ossuary)
  A necrophage (D:6)
  A gnoll sergeant (D:9)
  3 scorpions
  10 wights
  Dowan (D:5)
  16 killer bees
  5 howler monkeys
  A human zombie (Ossuary)
  3 jellies
  4 orc priests
  3 hounds
  A gnoll shaman (D:7)
  Jessica (D:2)
  6 orc wizards
  5 iguanas
  A hound zombie (Ossuary)
  3 mummies (Ossuary)
  7 adders
  11 gnolls
  2 white imps
  An ufetubus (D:6)
  2 adder zombies (Ossuary)
  A worm (D:3)
  4 dart slugs
  34 orcs
  7 ball pythons
  5 endoplasms
  2 giant cockroaches
  8 hobgoblins
  2 jackals (D:4)
  7 kobolds
  3 quokkas (D:3)
  4 bats
  A frilled lizard (D:2)
  2 gnoll zombies (Ossuary)
  17 goblins
  2 goblin zombies (Ossuary)
  2 hobgoblin zombies (Ossuary)
  6 jackal zombies (Ossuary)
  5 kobold zombies (Ossuary)
  3 orc zombies (Ossuary)
  3 quokka zombies (Ossuary)
  5 rats
  6 rat zombies (Ossuary)
  2 fulminant prisms
287 creatures vanquished.

Vanquished Creatures (collateral kills)
  A two-headed ogre (D:6)
1 creature vanquished.

Vanquished Creatures (others)
  3 orcs (D:7)
  74 fulminant prisms
  36 fungi (D:10)
  42 plants (D:10)
155 creatures vanquished.

Grand Total: 443 creatures vanquished

Notes
Turn   | Place    | Note
-------+----------+-------------------------------------------
     0 | D:1      | Ajdolov the Djinni Conjurer began the quest for the Orb.
     0 | D:1      | Reached XP level 1. HP: 15/15 MP: 0/0
   219 | D:1      | Reached XP level 2. HP: 16/22 MP: 0/0
   461 | D:1      | Found a faded altar of an unknown god.
   476 | D:1      | Reached skill level 1 in Fighting
  1372 | D:2      | Noticed Jessica
  1376 | D:2      | Killed Jessica
  1377 | D:2      | Reached XP level 3. HP: 22/27 MP: 0/0
  1377 | D:2      | Learned a level 1 spell: Beastly Appendage
  1528 | D:2      | Reached XP level 4. HP: 30/32 MP: 0/0
  1842 | D:2      | Reached skill level 2 in Fighting
  2189 | D:2      | Reached XP level 5. HP: 34/38 MP: 0/0
  2189 | D:2      | Learned a level 2 spell: Poisonous Vapours
  2485 | D:2      | Found a runed translucent door.
  2486 | D:2      | Noticed Crazy Yiuf
  2565 | D:3      | Noticed an angel
  2569 | D:3      | Found a shimmering altar of Xom.
  2569 | D:3      | Found a glowing silver altar of Zin.
  2752 | D:3      | Found an iron altar of Okawaru.
  3524 | D:4      | Noticed an ogre
  3532 | D:4      | Killed an ogre
  3533 | D:4      | Reached skill level 3 in Fighting
  3533 | D:4      | Reached skill level 5 in Spellcasting
  3533 | D:4      | Reached XP level 6. HP: 29/46 MP: 0/0
  3787 | D:4      | Noticed Blork the orc
  3798 | D:4      | Killed Blork the orc
  3972 | D:4      | Reached XP level 7. HP: 33/50 MP: 0/0
  3972 | D:4      | Learned a level 3 spell: Tukima's Dance
  4302 | D:4      | Found a hide-covered altar of Uskayaw.
  4389 | D:4      | Found a burning altar of Makhleb.
  4390 | D:4      | Found a blossoming altar of Fedhas.
  4461 | D:5      | Entered Level 5 of the Dungeon
  4485 | D:5      | Found a staircase to the Ecumenical Temple.
  4512 | D:5      | Noticed Pikel
  4522 | D:5      | Killed Pikel
  4523 | D:5      | Reached skill level 5 in Fighting
  4523 | D:5      | Reached XP level 8. HP: 27/59 MP: 0/0
  4706 | Temple   | Entered the Ecumenical Temple
  4812 | Temple   | Became a worshipper of Ashenzari the Shackled
  4879 | D:5      | Noticed Dowan
  4880 | D:5      | Noticed Duvessa
  4894 | D:5      | Killed Duvessa
  4895 | D:5      | Killed Dowan
  5153 | D:5      | Found the necklace of Bloodlust {*Rage Will++ Int-3 Slay+6}
  5350 | D:5      | Noticed Grinder
  5380 | D:5      | Gained mutation: You are clumsy. (Dex -2) [potion of
                  | mutation]
  5390 | D:5      | Killed Grinder
  5391 | D:5      | Reached XP level 9. HP: 23/66 MP: 0/0
  5391 | D:5      | Learned a level 4 spell: Cause Fear
  5714 | D:5      | Found a stormy altar of Qazlal.
  5733 | D:5      | Reached skill level 6 in Fighting
  5996 | D:6      | Noticed Maggie
  6005 | D:6      | Killed Maggie
  6131 | D:6      | Lost mutation: You are clumsy. (Dex -2) [potion of
                  | mutation]
  6131 | D:6      | Gained mutation: You are strong-willed. (Will+) [potion of
                  | mutation]
  6131 | D:6      | Gained mutation: You have a pair of small horns on your
                  | head. [potion of mutation]
  6131 | D:6      | Gained mutation: You are somewhat resistant to further
                  | mutation. [potion of mutation]
  6140 | D:6      | Noticed Eustachio
  6150 | D:6      | Killed Eustachio
  6558 | D:6      | Noticed a two-headed ogre
  6565 | D:6      | Reached skill level 7 in Fighting
  6809 | D:6      | Found a shadowy altar of Dithmenos.
  6865 | D:6      | Found a glowing golden altar of the Shining One.
  6866 | D:6      | Noticed Sigmund
  6980 | D:6      | Killed Sigmund
  7092 | D:6      | Killed a two-headed ogre
  7093 | D:6      | Reached XP level 10. HP: 66/76 MP: 0/0
  7283 | D:7      | Reached skill level 8 in Fighting
  7722 | D:7      | Reached skill level 10 in Spellcasting
  7780 | D:7      | Found a sand-covered staircase.
  7785 | Ossuary  | Entered an ossuary
  8500 | Ossuary  | Identified 2 scrolls of acquirement
  8564 | D:7      | Acquired 946 gold pieces
  8566 | D:7      | Acquired a manual of Fighting
  8638 | D:7      | Reached skill level 9 in Fighting
  8966 | D:7      | Found an ornate altar of the Wu Jian Council.
  9297 | D:8      | Noticed Maurice
  9306 | D:8      | Killed Maurice
  9307 | D:8      | Reached skill level 10 in Fighting
  9468 | D:8      | Reached XP level 11. HP: 41/85 MP: 0/0
  9468 | D:8      | Learned a level 4 spell: Flame Wave
  9656 | D:8      | Noticed Prince Ribbit
  9669 | D:8      | Killed Prince Ribbit
  9700 | D:8      | Reached skill level 11 in Fighting
 10121 | D:8      | Noticed Psyche
 10123 | D:8      | Killed Psyche
 10349 | D:8      | Reached skill level 12 in Fighting
 10350 | D:8      | Reached skill level 5 in Dodging
 10444 | D:8      | Noticed Gastronok
 10457 | D:8      | Killed Gastronok
 10699 | D:9      | Reached skill level 13 in Fighting
 10834 | D:9      | You are sucked into a shaft and drop 1 floor!
 10834 | D:10     | Entered Level 10 of the Dungeon
 10834 | D:10     | Found a staircase to the Lair.
 11998 | D:9      | Found a basalt altar of Yredelemnul.
 12250 | D:10     | Reached skill level 14 in Fighting
 12779 | D:10     | Noticed a skeletal warrior
 13490 | D:10     | Reached XP level 12. HP: 85/101 MP: 0/0
 13679 | D:10     | Found a staircase to the Orcish Mines.
 13918 | D:10     | Noticed a skeletal warrior
 14068 | D:10     | Noticed a skeletal warrior
 14071 | D:10     | Noticed a skeletal warrior
 14075 | D:10     | Noticed a skeletal warrior
 14075 | D:10     | Killed a skeletal warrior
 14088 | D:10     | Killed a skeletal warrior
 14089 | D:10     | Killed a skeletal warrior
 14089 | D:10     | Killed a skeletal warrior
 14090 | D:10     | Reached skill level 15 in Fighting
 14090 | D:10     | Slain by a skeletal warrior

Illustrated notes

Levels and vault maps discovered:
D:1:      saegor_arrival_simple_d, layout_basic,
          shapermc_ecumenical_altar_mp_urbaneastern, minmay_misc_feat_encased
D:2:      layout_loops_corners, uniq_crazy_yiuf_cottage, uniq_jessica
D:3:      minmay_inner_zag, layout_rooms,
          grunt_temple_overflow_order_and_chaos_1, kennysheep_okawaru_gauntlet
D:4:      layout_rooms, nicolae_uskayaw_suspiria,
          mainiacjoe_overflow_divided_tiny, uniq_blork_the_orc
D:5:      layout_basic, lemuel_tele_altar, minmay_temple_entry_glass,
          glass_columns_c, uniq_pikel, uniq_duvessa, uniq_grinder
D:6:      layout_gridville, tso_metal_star, mainiacjoe_overflow_six_doors_small,
          nicolae_kikubaaqudgha_miasma_corner, hangedman_abyss_or_decor_stagger,
          uniq_sigmund, uniq_maggie, uniq_eustachio
D:7:      layout_rooms, pdpol_wu_jian_five_deadly_venoms, vehumet_altar_wand_db,
          enter_ossuary_2
D:8:      layout_loops_ring, uniq_maurice, uniq_gastronok, uniq_psyche,
          uniq_prince_ribbit1
D:9:      layout_long_grid, mainiacjoe_overflow_24_doors
D:10:     layout_basic, due_lair_maze_entry_diamond, david_orc_1_choice
Temple:   nicolae_temple_figure_zero

Skill      XL: |  1  2  3  4  5  6  7  8  9 10 11 12 |
---------------+-------------------------------------+-----
Fighting       | 1 2 3 5 7 10 14 15 | 15.1
Spellcasting   | 4 5 6 7 9 10 | 10.0
Dodging        | 3 6 9 |  9.6
Stealth        | |  1.5

Action                   |  1- 3 |  4- 6 |  7- 9 | 10-12 || total
-------------------------+-------+-------+-------+-------++-------
Melee: Dagger            |       |     8 |     7 |    35 ||    50
       Headbutt          |       |       |       |     6 ||     6
 Cast: Magic Dart        |    33 |    84 |    27 |    98 ||   242
       Searing Ray       |     1 |    11 |    29 |    70 ||   111
       Poisonous Vapours |       |       |    13 |     6 ||    19
       Fulminant Prism   |       |       |    10 |    66 ||    76
       Tukima's Dance    |       |       |     1 |       ||     1
       Dazzling Flash    |       |       |       |     4 ||     4
       Flame Wave        |       |       |       |    11 ||    11
       Iskenderun's Myst |       |       |       |     6 ||     6
Invok: Curse Item        |       |       |       |     1 ||     1
Evoke: Wand              |       |       |     1 |       ||     1
  Use: Potion            |       |       |     4 |     5 ||     9
       Scroll            |       |       |       |    17 ||    17
 Stab: Paralysed         |       |       |     4 |       ||     4
Armor: Robe              |       |     3 |       |       ||     3
       Steam dragon scal |       |       |     3 |    27 ||    30
Dodge: Dodged            |     1 |    18 |    22 |   113 ||   154
       Repelled          |       |       |       |     2 ||     2
Block: Other             |       |     4 |     5 |    34 ||    43
       Reflection        |       |       |     1 |     1 ||     2

Table legend: (Time is in decaauts)
 A = Elapsed time spent in this place.
 B = Non-inter-level travel time spent in this place.
 C = Inter-level travel time spent in this place.
 D = Time resting spent in this place.
 E = Time spent auto-exploring this place.
 F = Levels seen in this place.
 G = Mean time per level.
                   A        B        C        D        E       F      G
               +--------+--------+--------+--------+--------+-----+--------+
         Total |  14130 |  13628 |    502 |   4099 |   7505 |  12 | 1177.5 |
       Dungeon |  13269 |  12776 |    493 |   3875 |   7140 |  10 | 1326.9 |
        Temple |    116 |    107 |      9 |      0 |     97 |   1 |  116.0 |
       Ossuary |    744 |    744 |      0 |    224 |    268 |   1 |  744.0 |
               +--------+--------+--------+--------+--------+-----+--------+

Top non-repeatable levels by time:
     D:9: 2556 daAuts
     D:5: 1558 daAuts
     D:8: 1490 daAuts
     D:1: 1322 daAuts
     D:7: 1275 daAuts
     D:2: 1206 daAuts
     D:6: 1180 daAuts
     D:4: 1054 daAuts
     D:3: 875 daAuts
    D:10: 747 daAuts
 Ossuary: 744 daAuts
  Temple: 116 daAuts
